 Dungeon Crawl Stone Soup version 0.19-a0-1827-g174f941 (webtiles) character file.

195403 dobroeutro the Bludgeoner (level 18, -4/119 HPs)
             Began as a Gargoyle Fighter on Oct 7, 2016.
             Was the Champion of Okawaru.
             Slain by an emperor scorpion (13 damage)
             ... on level 4 of the Spider Nest.
             The game lasted 01:21:33 (29459 turns).

dobroeutro the Bludgeoner (Gargoyle Fighter)       Turns: 29459, Time: 01:21:35

Health: -4/119     AC: 39    Str: 28      XL:     18   Next: 33%
Magic:  0/32       EV: 16    Int:  7 (9)  God:    Okawaru [******]
Gold:   1936       SH: 20    Dex: 18      Spells: 0 memorised, 17 levels left

rFire  + . .     SeeInvis .     S - +9 eveningstar (crush)
rCold  + + .     Gourm    .     X - +1 plate armour {MR+}
rNeg   + + .     Faith    .     V - +2 large shield
rPois  ∞         Spirit   .     r - +1 helmet
rElec  +         Dismiss  .     E - +1 cloak {+Inv}
rCorr  .         Reflect  .     s - +1 pair of gloves
MR     ++...     Harm     .     u - +2 pair of boots {run}
Stlth  ..........               M - amulet "Roshresuf" {rC+ Regen+ MP+9 Str+2 Dex+3}
                                T - ring "Zekkuzus" {+Fly rPois rC+ rN+}
                                v - +4 ring of evasion

@: about to teleport, flying, studying Dodging, quick
A: big wings, claws 1, icy blue scales 1, thin skeletal structure 2, camouflage
1, blink, deformed body, dopey 1, fire resistance 1, negative energy resistance
1, electricity resistance, slow regeneration 1, strong 1, unbreathing,
petrification resistance, rot immunity, AC +13
a: Stop Flying, Blink, Heroism, Finesse, Renounce Religion, Evoke Invisibility
}: 1/15 runes: decaying


You were on level 4 of the Spider Nest.
You worshipped Okawaru.
Okawaru was exalted by your worship.
You were not hungry.

You visited 5 branches of the dungeon, and saw 31 of its levels.
You also visited: Labyrinth and Ossuary.

You collected 3056 gold pieces.
You spent 1120 gold pieces at shops.

Inventory:

Hand Weapons
 D - a +2 morningstar of protection
 S - a +9 eveningstar of crushing (weapon)
Armour
 r - a +1 helmet (worn)
 s - a +1 pair of gloves (worn)
 u - a +2 pair of boots of running (worn)
 E - a +1 cloak of invisibility (worn)
 V - a +2 large shield (worn)
 X - a +1 plate armour of magic resistance (worn)
Rods
 G - a +2 lightning rod (12/12)
   (You found it in a labyrinth)
Jewellery
 v - a +4 ring of evasion (left hand)
 z - an uncursed ring of protection from cold
 M - the amulet "Roshresuf" (around neck) {rC+ Regen+ MP+9 Str+2 Dex+3}
   (You found it on level 9 of the Dungeon)

   [amulet of regeneration]

   It affects your strength (+2).
   It affects your dexterity (+3).
   It protects you from cold.
   It affects your magic capacity (+9).
   It increases your rate of regeneration.
 N - an uncursed ring of resist corrosion
 T - the ring "Zekkuzus" (right hand) {+Fly rPois rC+ rN+}
   (You took it off a minotaur in a labyrinth)

   [ring of flight]

   It protects you from cold.
   It protects you from poison.
   It protects you from negative energy.
   It lets you fly.
Wands
 a - a wand of digging (12/24)
 b - a wand of heal wounds (2/9)
 w - a wand of iceblast (9/15)
 B - a wand of disintegration (12/24)
 C - a wand of lightning (15/15)
 J - a wand of paralysis (12/24)
 O - a wand of acid (10/15)
Scrolls
 c - a scroll of holy word
 g - 15 scrolls of remove curse
 h - 18 scrolls of identify
 i - 4 scrolls of magic mapping
 k - 11 scrolls of teleportation
 m - 7 scrolls of immolation
 n - a scroll of summoning
 H - 2 scrolls of blinking
 I - 4 scrolls of enchant armour
 P - 3 scrolls of fear
 Q - 2 scrolls of fog
 U - 3 scrolls of recharging
Potions
 d - 5 potions of might
 p - 8 potions of curing
 q - a potion of cure mutation
 t - 11 potions of heal wounds
 x - 2 potions of berserk rage
 A - 3 potions of haste
 R - a potion of agility
Books
 e - a manual of Dodging
 L - a book of Battle

   Spells                             Type                      Level
   a - Infusion                       Charms                       1
   b - Shroud of Golubria             Charms/Translocation         2
   c - Song of Slaying                Charms                       2
   d - Spectral Weapon                Hexes/Charms                 3
   e - Regeneration                   Charms/Necromancy            3
Comestibles
 f - 17 bread rations
 j - 13 fruits
 l - 6 beef jerkies
 o - 9 meat rations
 F - 10 royal jellies
 K - 5 slices of pizza
 W - 2 chunks of flesh


   Skills:
 + Level 15.3 Fighting
 * Level 18.9 Maces & Flails
 + Level 15.1 Armour
 + Level 12.0 Dodging
 - Level 8.0 Shields
 - Level 7.0 Invocations
 + Level 7.4 Evocations


You had 17 spell levels left.
You didn't know any spells.

Dungeon Overview and Level Annotations

Branches:
Dungeon (15/15)            Temple (0/1) D:6            Lair (6/6) D:9
  Swamp (4/4) Lair:4       Spider (4/4) Lair:4        Slime (0/5) Lair:5
    Orc (2/2) D:11            Elf (0/3) Orc:2        Vaults (0/5) D:14
 Depths (0/5) D:15

Altars:
Ashenzari
Cheibriados
Elyvilon
Fedhas
Okawaru
Qazlal
Ru
Trog
Vehumet
Xom
Beogh

Shops:
D:4 %   D:8 }   Orc:2 [([*

Annotations:
Lair:3 exclusion: oklob plant


Innate Abilities, Weirdness & Mutations

You are resistant to torment.
Your stone body is resilient. (AC +13)
You are immune to poison.
Your large and strong wings let you fly indefinitely.
You resist negative energy. (rN+)
You are resistant to electric shocks. (rElec)
You can survive without breathing.
You are immune to petrification.
You are immune to rotting.
You have sharp fingernails.
You are partially covered in icy blue scales. (AC +2)
You have a moderately thin skeletal structure. (Dex +4, Stealth+)
Your skin changes colour to match your surroundings (Stealth+).
You can translocate small distances at will.
Armour fits poorly on your strangely shaped body.
You are dopey. (Int -2)
Your flesh is heat resistant. (rF+)
You regenerate slowly when monsters are visible.
Your muscles are strong. (Str +2)


Message History

You hear an angry buzzing noise.
The emperor scorpion stings you!!
* * * LOW HITPOINT WARNING * * *
The emperor scorpion claws you.
* * * LOW HITPOINT WARNING * * *
You block the emperor scorpion's attack.
The emperor scorpion misses you. The emperor scorpion claws you.
* * * LOW HITPOINT WARNING * * *
The emperor scorpion claws you but does no damage.
You hear an angry buzzing noise.
You feel you are being watched by something.
You hear an angry buzzing noise.
As you read the scroll of teleportation, it crumbles to dust.
You feel strangely unstable.
You block the emperor scorpion's attack.
The emperor scorpion claws you!
* * * LOW HITPOINT WARNING * * *
The emperor scorpion claws you but does no damage.
The emperor scorpion stings you!
You die...

#....##^.###≈≈..##...###...###..
##..^.≈≈≈.############ #..≈≈≈≈..
###.≈≈≈≈.##### ### ####≈≈...
#...#.^# .^. ...+ #.≈..≈#
#...#### .s ...# ##^.≈.##
##..≈## .##y. ###...#### ##..^##
#y'# ##.....#### #...≈# ##ss#
#≈^†..##≈.. ###.^..##
#≈@.#####†.†.≈≈≈≈≈.
##.##≈..≈###..##..#...†#≈≈≈###
##..≈≈≈≈...##..##....≈≈######
#...≈≈≈#.≈.....≈.≈..≈###
###≈≈#######....≈##### ####
###^.≈# #####


You could see 3 emperor scorpions and 2 hornets.

Vanquished Creatures
  The ghost of Kenran the Tortoise, an adept HaBe of Trog (Swamp:4)
  Kirke (D:14)
  A thorn hunter (Swamp:3)
  Agnes (D:14)
  4 ghost moths
  Louise (Swamp:3)
  An orc warlord (Orc:1)
  3 emperor scorpions
  2 dire elephants
  A spark wasp (Spider:3)
  The ghost of graki42 the Carver, a journeyman MiFi of the Shining One (Orc:2)
  Josephine (D:10)
  A minotaur (Lab)
  Harold (D:10)
  Erolcha (D:10)
  23 hydras
  A catoblepas (Lair:6)
  6 centaur warriors
  4 vault guards (D:14)
  9 alligators
  3 death knights
  An ogre mage (Orc:2)
  6 death yaks
  Urug (Orc:1)
  A deep troll shaman (Lair:6)
  2 tengu warriors
  An orc high priest (Orc:2)
  6 spriggans
  Nergalle (Lair:4)
  Sonja (D:12)
  2 deep elf knights (D:14)
  20 slime creatures
  5 unseen horrors
  9 hill giants
  2 phantasmal warriors (D:14)
  3 shambling mangroves
  11 swamp dragons
  4 spriggan druids
  2 orc knights
  20 wolf spiders
  22 orb spiders
  A deep elf mage (D:13)
  5 ugly things (D:15)
  3 orc sorcerers
  3 cyclopes
  4 manticores
  6 elephants
  4 black mambas
  3 torpor snails
  A centaur zombie (D:14)
  The ghost of Ijustatesigmund the Covert, a novice SpAs of Okawaru (D:6)
  8 spiny frogs
  5 gargoyles
  A yaktaur (D:14)
  3 komodo dragons
  2 efreet
  6 demonic crawlers
  A rime drake (Lair:5)
  3 tengu conjurers
  27 jumping spiders
  A queen bee (Lair:2)
  A merfolk (D:15)
  9 polar bears
  A polar bear (shapeshifter) (D:15)
  3 two-headed ogres
  4 trolls
  7 tyrant leeches
  Grinder (D:6)
  12 hornets
  5 bog bodies
  10 hippogriffs
  21 blink frogs
  A meliai zombie (D:12)
  70 redbacks
  24 tarantellas
  4 shadows
  23 yaks
  7 wyverns
  9 wraiths
  A basilisk (Lair:3)
  A vampire (D:15)
  A hog (D:14)
  A human (D:14)
  A golden eye (shapeshifter) (D:13)
  5 hungry ghosts
  25 vampire mosquitoes
  5 wargs
  2 mottled dragons
  23 swamp worms
  Edmund (D:5)
  9 insubstantial wisps
  6 porcupines
  9 water moccasins
  3 ice beasts
  3 sky beasts
  2 phantoms
  9 swamp drakes
  23 orc warriors
  A black bear (Lair:6)
  12 ogres
  An eye of draining (D:13)
  17 wolves
  15 centaurs
  5 crocodiles
  2 big kobolds
  17 bullfrogs
  A wyvern zombie (D:9)
  2 wyvern skeletons
  5 scorpions
  31 killer bees
  3 wights (D:9)
  7 howler monkeys
  2 vampire bats (D:6)
  9 electric eels
  8 crimson imps
  A bullfrog zombie (D:11)
  6 jellies
  8 hounds
  Crazy Yiuf (D:3)
  6 centaur skeletons
  31 orc priests
  4 bullfrog skeletons
  5 iguanas
  24 orc wizards
  12 worker ants
  2 killer bee zombies
  A bullfrog simulacrum (D:10)
  A hound zombie (D:7)
  A hound skeleton (D:7)
  3 mummies (Ossuary)
  2 worker ant zombies
  12 gnolls
  3 howler monkey skeletons
  15 adders
  3 shadow imps
  3 oozes
  An adder skeleton (D:7)
  5 dart slugs
  A worm (D:2)
  6 leopard geckos
  111 orcs
  6 ball pythons
  15 bats
  6 giant cockroaches
  2 gnoll zombies (Ossuary)
  5 hobgoblins
  17 jackals
  18 kobolds
  4 quokkas
  6 frilled lizards
  A gnoll skeleton (Ossuary)
  5 goblins
  A goblin skeleton (Ossuary)
  A goblin zombie (Ossuary)
  3 hobgoblin skeletons (Ossuary)
  4 hobgoblin zombies (Ossuary)
  4 kobold skeletons (Ossuary)
  3 kobold zombies (Ossuary)
  3 orc zombies (Ossuary)
  A quokka skeleton (D:4)
  A quokka zombie (D:9)
  7 rats
  4 rat skeletons (Ossuary)
  A rat zombie (Ossuary)
  3 briar patches (Swamp:3)
1144 creatures vanquished.

Vanquished Creatures (others)
  A swamp dragon (Swamp:4)
  A tyrant leech (Swamp:3)
  A redback (Spider:4)
  3 humans (D:14)
  Menkaure (Ossuary)
  A swamp drake (Swamp:3)
  A bullfrog skeleton (D:13)
  A worker ant (D:14)
  An orc (D:7)
  3 gnoll zombies (Ossuary)
  2 gnoll skeletons (Ossuary)
  A goblin skeleton (Ossuary)
  3 goblin zombies (Ossuary)
  5 hobgoblin skeletons (Ossuary)
  2 hobgoblin zombies (Ossuary)
  A kobold skeleton (Ossuary)
  2 orc skeletons (Ossuary)
  2 orc zombies (Ossuary)
  A rat skeleton (Ossuary)
  A rat zombie (Ossuary)
  A briar patch (Swamp:3)
  5 fungi
  7 plants
47 creatures vanquished.

Grand Total: 1191 creatures vanquished

Notes
Turn   | Place    | Note
-------+----------+-------------------------------------------
     0 | D:1      | dobroeutro the Gargoyle Fighter began the quest for the Orb.
     0 | D:1      | Reached XP level 1. HP: 14/14 MP: 1/1
    28 | D:1      | Reached XP level 2. HP: 13/19 MP: 2/2
   548 | D:2      | Reached XP level 3. HP: 23/23 MP: 3/3
   549 | D:2      | Found a stormy altar of Qazlal.
   660 | D:2      | Reached skill level 3 in Maces & Flails
   917 | D:2      | Reached XP level 4. HP: 29/29 MP: 4/4
  1405 | D:2      | Found an iron altar of Okawaru.
  1408 | D:2      | Became a worshipper of Warmaster Okawaru
  1714 | D:2      | Reached XP level 5. HP: 21/33 MP: 5/5
  1768 | D:3      | Noticed an ogre
  1865 | D:3      | Found a radiant altar of Vehumet.
  2044 | D:3      | Found a runed door.
  2097 | D:3      | Noticed a phantom
  2141 | D:4      | Killed a phantom
  2141 | D:4      | Reached skill level 4 in Maces & Flails
  2141 | D:4      | Reached XP level 6. HP: 34/39 MP: 6/6
  2301 | D:4      | Found Garobro's Food Shop.
  2311 | D:4      | Found a snail-covered altar of Cheibriados.
  2324 | D:4      | Found a sacrificial altar of Ru.
  2385 | D:4      | Reached * piety under Okawaru
  2389 | D:4      | Reached skill level 5 in Maces & Flails
  2389 | D:4      | Reached skill level 5 in Armour
  2829 | D:5      | Entered Level 5 of the Dungeon
  2835 | D:5      | Reached XP level 7. HP: 41/44 MP: 7/7
  2975 | D:5      | Found a shimmering altar of Xom.
  3418 | D:5      | Reached skill level 5 in Fighting
  3427 | D:5      | Found a white marble altar of Elyvilon.
  3434 | D:5      | Reached skill level 6 in Maces & Flails
  3452 | D:5      | Reached ** piety under Okawaru
  3509 | D:5      | Noticed Edmund
  3537 | D:5      | Killed Edmund
  3537 | D:5      | Reached skill level 5 in Shields
  3537 | D:5      | Reached XP level 8. HP: 49/49 MP: 8/8
  3811 | D:6      | Reached skill level 7 in Maces & Flails
  4024 | D:6      | Noticed Ijustatesigmund's ghost (novice SpAs)
  4063 | D:6      | Killed Ijustatesigmund's ghost
  4063 | D:6      | Reached *** piety under Okawaru
  4063 | D:6      | Reached XP level 9. HP: 45/55 MP: 9/9
  4230 | D:6      | Reached skill level 8 in Maces & Flails
  4332 | D:6      | Found a staircase to the Ecumenical Temple.
  4420 | D:6      | Found a blossoming altar of Fedhas.
  4468 | D:6      | Noticed Grinder
  4474 | D:6      | Paralysed by Grinder for 4 turns
  4482 | D:6      | Killed Grinder
  5103 | D:3      | Noticed Crazy Yiuf
  5110 | D:3      | Killed Crazy Yiuf
  5236 | D:7      | Noticed a hill giant
  5595 | D:7      | Reached **** piety under Okawaru
  5600 | D:7      | Reached skill level 9 in Maces & Flails
  5625 | D:7      | Found a sand-covered staircase.
  5632 | Ossuary  | Entered an ossuary
  5815 | Ossuary  | Killed Menkaure
  5978 | D:7      | Reached XP level 10. HP: 63/63 MP: 10/10
  6954 | D:7      | Killed a hill giant
  7146 | D:8      | Reached ***** piety under Okawaru
  7148 | D:8      | Found Meupn's Gadget Boutique.
  7702 | D:8      | Reached skill level 10 in Maces & Flails
  7921 | D:8      | Received a gift from Okawaru
  8579 | D:9      | Found a staircase to the Lair.
  8895 | D:9      | Reached skill level 1 in Dodging
  8902 | D:9      | Got a slimy ruby amulet
  8904 | D:9      | Identified the amulet "Roshresuf" {rC+ Regen+ MP+9 Str+2 Dex+3} (You found it on level 9 of the Dungeon)
  9076 | D:9      | Reached XP level 11. HP: 66/69 MP: 11/11
  9172 | D:10     | Entered Level 10 of the Dungeon
  9212 | D:10     | Killed an unseen horror
  9226 | D:10     | Got a dazzling mace
  9227 | D:10     | Identified the +2 mace of the Evening {holy, rC+} (You found it on level 10 of the Dungeon)
  9257 | D:10     | Noticed Erolcha
  9272 | D:10     | Killed Erolcha
  9272 | D:10     | Received a gift from Okawaru
  9272 | D:10     | Reached skill level 11 in Maces & Flails
  9299 | D:10     | Noticed a hill giant
  9310 | D:10     | Noticed a hill giant
  9319 | D:10     | Killed a hill giant
  9334 | D:10     | Killed a hill giant
  9547 | D:10     | Noticed Harold
  9612 | D:10     | Killed Harold
  9726 | D:10     | Identified a scroll of acquirement
  9803 | D:10     | Noticed Josephine
  9817 | D:10     | Killed Josephine
  9880 | D:10     | Noticed a hill giant
  9894 | D:10     | Killed a hill giant
  9894 | D:10     | Reached skill level 10 in Fighting
 10097 | D:10     | Noticed a hill giant
 10106 | D:10     | Killed a hill giant
 10106 | D:10     | Reached skill level 12 in Maces & Flails
 10106 | D:10     | Reached skill level 10 in Armour
 10106 | D:10     | Reached XP level 12. HP: 77/77 MP: 12/12
 10149 | D:10     | You fall through a shaft for 3 floors!
 10222 | D:14     | Noticed a vault guard
 10224 | D:14     | Noticed Agnes
 10253 | D:14     | Noticed Kirke
 10281 | D:14     | Found a flagged portal.
 10378 | D:13     | Got a smoking buckler
 10389 | D:13     | Identified the cursed -5 buckler of the Endless Expanse {rPois Dex-5 SInv} (You found it on level 13 of the Dungeon)
 10482 | D:13     | Gained mutation: Your magical capacity is low. (-10% MP) [mutagenic meat]
 10485 | D:13     | Gained mutation: You are partially covered in icy blue scales. (AC +2) [mutagenic meat]
 10488 | D:13     | Gained mutation: You have a pair of small horns on your head. [mutagenic meat]
 10491 | D:13     | Gained mutation: You are agile. (Dex +2) [mutagenic meat]
 10639 | D:12     | Noticed Sonja
 10650 | D:12     | Killed Sonja
 10740 | D:11     | Reached ****** piety under Okawaru
 10740 | D:11     | Received a gift from Okawaru
 11232 | D:11     | Found a stormy altar of Qazlal.
 11365 | D:11     | Found a staircase to the Orcish Mines.
 11389 | D:11     | Reached skill level 13 in Maces & Flails
 11662 | D:12     | Reached skill level 5 in Dodging
 11947 | Lair:1   | Entered Level 1 of the Lair of Beasts
 12433 | Lair:2   | Reached XP level 13. HP: 84/84 MP: 11/11
 13284 | Lair:2   | Reached skill level 1 in Invocations
 13899 | Lair:3   | You fall through a shaft for 2 floors!
 13914 | Lair:5   | Received a gift from Okawaru
 13959 | Lair:5   | Found a labyrinth entrance.
 13968 | Lab      | Entered a labyrinth
 14436 | Lab      | Noticed a minotaur
 14441 | Lab      | Killed a minotaur
 14443 | Lab      | Got a coiled iron ring
 14468 | Lab      | Identified the ring "Zekkuzus" {+Fly rPois rC+ rN+} (You took it off a minotaur in a labyrinth)
 14484 | Lab      | Got a bound tin ring
 14518 | Lair:5   | Identified the ring of Fixation {rN+ MP+9} (You found it in a labyrinth)
 14580 | Lair:5   | Gained mutation: Your muscles are strong. (Str +2) [potion of mutation]
 14581 | Lair:5   | Gained mutation: You are frail. (-10% HP) [potion of mutation]
 14581 | Lair:5   | Gained mutation: You have sharp toenails. [potion of mutation]
 14583 | Lair:5   | Gained mutation: You regenerate slowly when monsters are visible. [potion of mutation]
 14583 | Lair:5   | Gained mutation: Your body sometimes deteriorates upon taking damage. [potion of mutation]
 14583 | Lair:5   | Gained mutation: You are occasionally teleported next to monsters. [potion of mutation]
 14584 | Lair:5   | Gained mutation: Your body often deteriorates upon taking damage. [potion of mutation]
 14584 | Lair:5   | Gained mutation: Your flesh is heat resistant. (rF+) [potion of mutation]
 14600 | Lair:5   | Reached skill level 14 in Maces & Flails
 14936 | Lair:5   | Found a staircase to the Slime Pits.
 15299 | Lair:6   | Entered Level 6 of the Lair of Beasts
 15377 | Lair:6   | Received a gift from Okawaru
 15390 | Lair:6   | Gained mutation: Your large and strong wings let you fly indefinitely. [Gargoyle growth]
 15390 | Lair:6   | Reached XP level 14. HP: 48/82 MP: 15/15
 15404 | Lair:6   | Got a pitted plate armour {god gift}
 15415 | Lair:6   | Identified the +3 plate armour of the Heavens {Str+4} (Okawaru gifted it to you on level 6 of the Lair of Beasts)
 15546 | Lair:6   | Got a slimy plate armour
 15557 | Lair:6   | Identified the +1 plate armour of the Failed Coup {Regen+ MP+9 Int+4 Dex-5} (You found it on level 6 of the Lair of Beasts)
 15773 | Lair:6   | Reached skill level 5 in Invocations
 16189 | Lair:6   | Noticed a dire elephant
 16194 | Lair:6   | Reached skill level 15 in Maces & Flails
 16203 | Lair:6   | Killed a dire elephant
 16411 | Orc:1    | Entered Level 1 of the Orcish Mines
 16861 | Lair:4   | Found a staircase to the Swamp.
 16919 | Lair:4   | Received a gift from Okawaru
 16945 | Lair:4   | Identified a +2 pair of boots of running (Okawaru gifted it to you on level 4 of the Lair of Beasts)
 17227 | Lair:4   | Found a hole to the Spider Nest.
 17261 | Lair:4   | Noticed Nergalle
 17267 | Lair:4   | Killed Nergalle
 18240 | Orc:1    | Noticed Urug
 18249 | Orc:1    | Killed Urug
 18467 | Orc:2    | Entered Level 2 of the Orcish Mines
 18467 | Orc:2    | Noticed graki42's ghost (journeyman MiFi)
 18492 | Orc:2    | Killed graki42's ghost
 18680 | Orc:2    | Found a roughly hewn altar of Beogh.
 18762 | Orc:2    | Found a roughly hewn altar of Beogh.
 18777 | Orc:2    | Found Sittigu's General Store.
 18825 | Orc:2    | Found a staircase to the Elven Halls.
 18834 | Orc:2    | Found a roughly hewn altar of Beogh.
 18897 | Orc:2    | Found a roughly hewn altar of Beogh.
 18953 | Orc:2    | Found a bloodstained altar of Trog.
 18993 | Orc:2    | Noticed an orc warlord
 19223 | Orc:1    | Killed an orc warlord
 19223 | Orc:1    | Reached XP level 15. HP: 87/87 MP: 17/17
 19408 | Orc:2    | Found a roughly hewn altar of Beogh.
 19420 | Orc:2    | Found Hoevitam's Armour Shop.
 19520 | Orc:2    | Found Pijuusm's Antique Armour Shoppe.
 19521 | Orc:2    | Found a roughly hewn altar of Beogh.
 19525 | Orc:2    | Found Unow's Antique Weapon Emporium.
 19751 | Orc:2    | Bought a crude plate armour for 1120 gold pieces
 19761 | Orc:2    | Identified the +2 plate armour "Pihaa" {Str+2} (You bought it in a shop on level 2 of the Orcish Mines)
 20059 | Swamp:1  | Entered Level 1 of the Swamp
 20140 | Swamp:1  | Gained mutation: You have sharp fingernails. [potion of mutation]
 20140 | Swamp:1  | Lost mutation: Your magical capacity is low. (-10% MP) [potion of mutation]
 20402 | Swamp:1  | Reached skill level 16 in Maces & Flails
 21071 | Swamp:2  | Reached skill level 1 in Evocations
 21140 | Swamp:2  | Received a gift from Okawaru
 21505 | Swamp:3  | Lost mutation: You are occasionally teleported next to monsters. [potion of cure mutation]
 21505 | Swamp:3  | Lost mutation: Your body often deteriorates upon taking damage. [potion of cure mutation]
 21505 | Swamp:3  | Lost mutation: Your body sometimes deteriorates upon taking damage. [potion of cure mutation]
 21505 | Swamp:3  | Lost mutation: You are frail. (-10% HP) [potion of cure mutation]
 21951 | Swamp:3  | Noticed Louise
 21960 | Swamp:3  | Killed Louise
 22053 | Swamp:3  | Noticed a thorn hunter
 22072 | Swamp:3  | Killed a thorn hunter
 22156 | Swamp:4  | Entered Level 4 of the Swamp
 22362 | Swamp:4  | Reached XP level 16. HP: 92/104 MP: 21/21
 22419 | Swamp:4  | Noticed Kenran's ghost (adept HaBe)
 22476 | Swamp:4  | Killed Kenran's ghost
 22576 | Swamp:4  | Received a gift from Okawaru
 22911 | Swamp:3  | Reached skill level 17 in Maces & Flails
 23374 | Swamp:4  | Got a decaying rune of Zot
 24163 | D:14     | Killed Kirke
 24181 | D:14     | Killed Agnes
 24247 | D:14     | Reached skill level 10 in Dodging
 24522 | D:14     | Received a gift from Okawaru
 24530 | D:14     | Reached skill level 5 in Evocations
 24785 | D:14     | Found a gate to the Vaults.
 24854 | D:15     | Entered Level 15 of the Dungeon
 24897 | D:15     | Reached XP level 17. HP: 109/112 MP: 22/22
 25200 | D:15     | Gained mutation: Armour fits poorly on your strangely shaped body. [mutagenic meat]
 25203 | D:15     | Gained mutation: You can translocate small distances at will. [mutagenic meat]
 25414 | D:15     | Found a staircase to the Depths.
 25500 | D:15     | Found a shattered altar of Ashenzari.
 25564 | D:15     | Gained mutation: You have a somewhat thin skeletal structure. (Dex +2, Stealth) [mutagenic meat]
 25980 | Spider:1 | Entered Level 1 of the Spider Nest
 26195 | Spider:1 | Reached skill level 18 in Maces & Flails
 26244 | Spider:1 | Received a gift from Okawaru
 26831 | Spider:2 | Received a gift from Okawaru
 27663 | Spider:2 | Received a gift from Okawaru
 27762 | Spider:2 | Gained mutation: You are robust. (+10% HP) [mutagenic meat]
 27765 | Spider:2 | Gained mutation: Your skin changes colour to match your surroundings (Stealth+). [mutagenic meat]
 27768 | Spider:2 | Lost mutation: You are robust. (+10% HP) [mutagenic meat]
 27774 | Spider:2 | Lost mutation: You are agile. (Dex +2) [mutagenic meat]
 28199 | Spider:3 | Reached skill level 15 in Fighting
 28426 | Spider:3 | Reached XP level 18. HP: 105/119 MP: 23/23
 28755 | Spider:4 | Entered Level 4 of the Spider Nest
 28929 | Spider:4 | Received a gift from Okawaru
 29149 | Spider:4 | Reached skill level 15 in Armour
 29320 | Spider:4 | Lost mutation: You have a pair of small horns on your head. [mutagenic meat]
 29323 | Spider:4 | Gained mutation: You are dopey. (Int -2) [mutagenic meat]
 29326 | Spider:4 | Gained mutation: You have a moderately thin skeletal structure. (Dex +4, Stealth+) [mutagenic meat]
 29329 | Spider:4 | Lost mutation: You have sharp toenails. [mutagenic meat]
 29459 | Spider:4 | Slain by an emperor scorpion

Vault maps used:
D:1:      lightli_arrival_statuegarden
D:2:      nicolae_overflow_crystal_walls, lemuel_doored_altar, minmay_mini_jars
D:3:      lemuel_crystal_altar, first_bread, uniq_crazy_yiuf_cottage
D:4:      nicolae_ru_great_annihilating_truth, cheibriados_altar_1,
          serial_corexii_hall, corexii_hall_statues_s, corexii_hall_statues_x,
          serial_shops, nicolae_shop_crystal, cheibrodos_gnoll_hut
D:5:      old_standard_altar, hangedman_abyss_or_decor_lesser_grid,
          elyvilon_altar_3, uniq_edmund
D:6:      fedhas_bush_and_centaur_altar, supply_closet_lemuel, st_stairs_12,
          grunt_ministairs_14, minmay_guarded_unrand_vampires_tooth,
          uniq_grinder
D:7:      cheibrodos_two_vegetables, chequers_ossuary_entry_cave, fountainhead
D:8:      serial_shops, nicolae_shop_statue_plus
D:9:      erik_lair_orcish_takeover, kennysheep_generic_room_6
D:10:     hangedman_weighted_door, uniq_erolcha, uniq_harold, uniq_josephine
D:11:     orc_0_dummy, hangedman_decor_riveting, grunt_qazlal_sundering
D:12:     uniq_sonja
D:14:     grunt_vaults_entry_fortified, enter_bailey_2,
          grunt_decor_mini_mirrors, hangedman_stone_soup, uniq_kirke, uniq_agnes
D:15:     hangedman_depths_entry_try_elsewhere_first, ashenzari_altar_1
Lair:2:   special_room, infiniplex_staircase_pool_2
Lair:4:   minmay_swamp_entry_reptiles, dummy_spider_entry, uniq_nergalle
Lair:5:   nicolae_slime_entry_slimehenge, lab_entry_generic,
          beast_lair_carwin_10, grunt_megastairs_3
Lair:6:   grunt_lair_end_beastmaster
Swamp:1:  hangedman_swamp_ruin_wall
Swamp:2:  evilmike_swamp_ruin_rubble_2
Swamp:3:  evilmike_swamp_ruin_rubble_1, uniq_louise
Swamp:4:  swamp
Spider:2: spider_trap
Spider:3: nicolae_orb_stairs_large
Spider:4: spider_rune_water, spider_trap
Orc:1:    uniq_urug
Orc:2:    grunt_orc_community_town_hall, grunt_orc_community_big_house_2,
          grunt_orc_community_big_house_2, grunt_orc_community_house_1,
          grunt_orc_community_house_1, grunt_orc_community_house_3,
          grunt_orc_community_house_3, grunt_orc_community_house_3, basic_altar,
          mines2_david
Lab:      labyrinth_mini_lab, labyrinth_lava_lair, labyrinth_skeletal_remains,
          nicolae_lab_swirl, nicolae_lab_grate, nicolae_lab_big_swirl,
          nicolae_lab_x, lab_hedge
Ossuary:  ossuary_due_pyramid

Skill      XL: |  1  2  3  4  5  6  7  8  9 10 11 12 13 14 15 16 17 18 |
---------------+-------------------------------------------------------+-----
Maces & Flails | 3 4 5 6 7 9 10 12 13 14 15 16 17 18 | 18.9
Armour         | 4 5 6 7 8 10 11 12 13 14 15 | 15.1
Fighting       | 4 5 6 7 8 10 11 12 13 14 15 | 15.3
Shields        | 4 5 7 8 |  8.0
Dodging        | 1 3 5 6 7 8 10 11 12 | 12.0
Invocations    | 4 6 7 |  7.0
Evocations     | 3 5 6 7 |  7.4

Action                   |  1- 3 |  4- 6 |  7- 9 | 10-12 | 13-15 | 16-18 || total
-------------------------+-------+-------+-------+-------+-------+-------++-------
Melee: Flail             |   145 |   325 |   371 |       |       |       ||   841
       Morningstar       |       |       |   192 |   463 |       |       ||   655
       Eveningstar       |       |       |       |   368 |  1190 |  1116 ||  2674
       Headbutt          |       |       |       |    53 |   285 |   292 ||   630
Invok: Heroism           |       |       |     1 |     2 |     3 |     2 ||     8
       Finesse           |       |       |       |       |       |     1 ||     1
 Abil: Evoke Berserk Rag |       |       |     1 |       |       |       ||     1
       Fly               |       |       |       |       |     1 |       ||     1
Evoke: Wand              |       |       |       |       |       |     1 ||     1
  Use: Scroll            |       |       |    13 |    20 |    11 |     7 ||    51
       Potion            |       |       |     1 |     1 |     7 |       ||     9
 Stab: Paralysed         |       |     2 |       |       |       |       ||     2
       Petrified         |       |       |       |       |    12 |       ||    12
       Petrifying        |       |       |       |       |     1 |       ||     1
       Confused          |       |       |       |       |     1 |     1 ||     2
  Eat: Chunk             |       |     6 |    13 |    28 |    29 |    25 ||   101
       Fruit             |       |       |       |     1 |     1 |    12 ||    14
       Beef jerky        |       |       |       |       |     2 |       ||     2
       Meat ration       |       |       |       |       |       |     1 ||     1
Armor: Scale mail        |    99 |   207 |   187 |   246 |       |       ||   739
       Plate armour      |       |       |       |    65 |   600 |   796 ||  1461
       Skin              |       |       |       |       |     6 |       ||     6
Dodge: Dodged            |    41 |   113 |   198 |   313 |   653 |   725 ||  2043
Block: Shield            |    98 |   226 |   248 |   504 |   857 |   372 ||  2305
       Large shield      |       |       |       |       |       |   712 ||   712
